 Dungeon Crawl Stone Soup version 0.20.2 (webtiles) character file.

269 Alfie the Shooter (level 6, -1/51 HPs)
             Began as a Minotaur Hunter on Mar 25, 2020.
             Slain by Natasha (7 damage)
             ... on level 3 of the Dungeon.
             The game lasted 00:10:03 (2402 turns).

Alfie the Shooter (Minotaur Hunter)                 Turns: 2402, Time: 00:10:04

Health: -1/51      AC:  3    Str: 18    XL:     6   Next: 1%
Magic:  5/5        EV: 14    Int:  8    God:
Gold:   129        SH:  0    Dex: 11    Spells: 5/5 levels left

rFire    . . .     SeeInvis .   a - +1 shortbow
rCold    . . .     Gourm    .   (shield currently unavailable)
rNeg     . . .     Faith    .   c - +0 leather armour
rPois    .         Spirit   .   (helmet restricted)
rElec    .         Reflect  .   (no cloak)
rCorr    .         Harm     .   (no gloves)
MR       .....                  (no boots)
Stlth    +.........             (no amulet)
Regen    0.2/turn               o - +2 ring of evasion
MPRegen  0.1/turn               (no ring)

@: no status effects
A: retaliatory headbutt, horns 2
a: no special abilities


You were on level 3 of the Dungeon.
You were not hungry.

You visited 1 branch of the dungeon, and saw 3 of its levels.

You collected 129 gold pieces.

Inventory:

Hand Weapons
 a - a +1 shortbow (weapon)
 b - a +1 short sword
Missiles
 d - 2 arrows (quivered)
Armour
 c - a +0 leather armour (worn)
Jewellery
 o - a +2 ring of evasion (left hand)
Scrolls
 e - a scroll of immolation
 g - 9 scrolls of teleportation
 k - 4 scrolls of identify
 l - 5 scrolls of remove curse
Potions
 h - 2 potions of brilliance {unknown}
 m - a potion of haste {unknown}
 n - 2 potions of lignification
 s - 2 potions of curing
Comestibles
 f - 2 bread rations
 p - 2 meat rations
 q - a royal jelly
 r - 5 fruits


   Skills:
 + Level 3.5 Fighting
 + Level 0.7 Short Blades
 + Level 6.9 Bows
 + Level 2.1 Armour
 + Level 2.6 Dodging
 + Level 1.1 Stealth


You had 5 spell levels left.
You didn't know any spells.

Dungeon Overview and Level Annotations

Branches:
Dungeon (3/15)

Altars:
Sif Muna

Annotations:
D:2 Crazy Yiuf
D:3 Natasha


Innate Abilities, Weirdness & Mutations

You reflexively headbutt those who attack you in melee.
You have a pair of horns on your head.


Message History

You clumsily bash something but do no damage.
Something claws you.
The crimson imp blinks!
Something claws you.
The crimson imp blinks!
You clumsily bash something but do no damage.
Your headbutt misses something. Something claws you.
You clumsily bash something but do no damage.
You headbutt something! Something claws you! Something claws you.
You clumsily bash something but do no damage.
Something barely misses you.
You closely miss something. Something claws you but does no damage.
Something claws you!
* * * LOW HITPOINT WARNING * * *
The crimson imp picks up a beetle and eats it.
You completely miss something. Your headbutt misses something.
Something claws you.
* * * LOW HITPOINT WARNING * * *
You closely miss something. You headbutt something. Something claws you.
* * * LOW HITPOINT WARNING * * *
Something claws you!
You die...

#.# #.# #. #.# #.# #.
###.# #.######## #. #...#
#......>....#####. #.###
#.#####.###.(..... #.#
#.#####.#########. #.#
#5.............<.. #.#
#.#####.##########
#.########@...#...###### #
######.....#..#...#......#
#)>.######.#....#...####.#
#≈≈≈######.#.#.###.##
#†####
#...##.............#
#.(...
#...##.#############
###### ###'###†# #.8.8.#.#
#.._..#.#


You could see a crimson imp.

Vanquished Creatures
  2 orc wizards (D:3)
  Natasha (D:3)
  2 gnolls (D:3)
  7 adders
  3 worms
  2 dart slugs
  A leopard gecko (D:3)
  3 orcs (D:2)
  2 giant cockroaches
  8 goblins
  7 hobgoblins
  20 jackals
  6 kobolds
  7 quokkas
  A ball python (D:2)
  5 bats
  5 frilled lizards
  8 rats
  2 plants (D:3)
92 creatures vanquished.

Notes
Turn   | Place    | Note
-------+----------+-------------------------------------------
     0 | D:1      | Alfie the Minotaur Hunter began the quest for the Orb.
     0 | D:1      | Reached XP level 1. HP: 18/18 MP: 0/0
   115 | D:1      | Reached XP level 2. HP: 25/25 MP: 1/1
   321 | D:1      | Reached skill level 5 in Bows
   722 | D:2      | Reached XP level 3. HP: 28/30 MP: 2/2
  1005 | D:2      | Reached XP level 4. HP: 32/37 MP: 3/3
  1079 | D:2      | Found a runed door.
  1124 | D:2      | Reached skill level 1 in Armour
  1158 | D:2      | Reached skill level 6 in Bows
  1544 | D:2      | Noticed Crazy Yiuf
  1653 | D:3      | Found a faded altar of an unknown god.
  1860 | D:3      | Reached XP level 5. HP: 35/45 MP: 4/4
  2333 | D:3      | Found a deep blue altar of Sif Muna.
  2339 | D:3      | Noticed Natasha
  2341 | D:3      | Killed Natasha
  2341 | D:3      | Reached skill level 1 in Stealth
  2361 | D:3      | Reached XP level 6. HP: 48/51 MP: 5/5
  2389 | D:3      | Noticed Natasha
  2402 | D:3      | Slain by Natasha

Skill      XL: |  1  2  3  4  5 |
---------------+----------------+-----
Bows           | 5 6 |  6.9
Armour         | 1 2 |  2.1
Fighting       | 3 |  3.5
Stealth        | 1 |  1.1
Short Blades   | |  0.7
Dodging        | |  2.6

Action                   |  1- 3 |  4- 6 || total
-------------------------+-------+-------++-------
Melee: Short sword       |    17 |    69 ||    86
       Headbutt          |     1 |    29 ||    30
       Shortbow          |       |    10 ||    10
 Fire: Shortbow          |    84 |   132 ||   216
  Use: Scroll            |     7 |       ||     7
       Potion            |       |     2 ||     2
  Eat: Bread ration      |       |     1 ||     1
Armor: Leather armour    |    17 |    24 ||    41
Dodge: Dodged            |    54 |    64 ||   118
